 Dungeon Crawl Stone Soup version 0.32-a0-171-g4625e66 (webtiles) character file.

Game seed: 8574815574728051659

84 staltz the Insei (level 4, 0/48 HPs)
             Began as a Djinni Shapeshifter on Feb 12, 2024.
             Slain by an iguana (10 damage)
             ... on level 4 of the Dungeon.
             The game lasted 00:07:31 (2772 turns).

staltz the Insei (Djinni Shapeshifter)              Turns: 2772, Time: 00:07:32

Health: 0/48       AC: 22    Str: 13    XL:     4   Next: 74%
Gold:   117        EV:  2    Int: 11    God:
                   SH:  0    Dex: 15

rFire   . .          .
                       - Unarmed
rCold   + . .        (no shield)
rNeg    . . .        a - melded +0 animal skin
rPois   ∞            (helmet currently unavailable)
rElec   .            (cloak currently unavailable)
rCorr   .            (gloves currently unavailable)
SInv    .            (boots unavailable)
Will    .....        (no amulet)
Stlth   ++           f - ring of protection from cold
HPRegen 0.28/turn    (no ring)
MPRegen 0.00/turn

%: infuse magic (-1 HP)
@: tree-form, very slightly contaminated
A: stationary, stasis, torment immunity, boosted hp, sickness immunity, (fire
resistance 2), (cold vulnerability 1), float, innate caster, HP casting, extra
vitality 1
a: no special abilities


You were on level 4 of the Dungeon.
You were a tree.
You visited 1 branch of the dungeon, and saw 4 of its levels.

You collected 117 gold pieces.

Inventory:

Missiles
 n - 2 poisoned darts (quivered)
Armour
 a - a +0 animal skin (melded)
 p - the +3 buckler of the Valley of Death {Regen+ Str-5 Int+3}
   (You found it on level 2 of the Dungeon)

   Str-5:     It affects your strength (-5).
   Int+3:     It affects your intelligence (+3).
   Regen+:    It increases your rate of health regeneration.
Magical Staves
 s - a staff of air
Jewellery
 f - a ring of protection from cold (left branch)
Talismans
 c - a beast talisman (active)
 d - a flux talisman
 q - a blade talisman
Scrolls
 e - a scroll of teleportation
 g - a scroll of enchant weapon
 h - a scroll of fear {unknown}
 k - 2 scrolls of blinking
 l - a scroll of noise {unknown}
 r - 2 scrolls of vulnerability
 u - a scroll of revelation {unknown}
Potions
 i - a potion of haste {unknown}
 j - 3 potions of curing {unknown}
 m - a potion of mutation {unknown}
 o - a potion of cancellation {unknown}
 t - a potion of might {unknown}
 v - a potion of enlightenment {unknown}


   Skills:
 + Level 1.5 Fighting
 + Level 2.8 Dodging
 + Level 0.4 Stealth
 + Level 3.9 Unarmed Combat
 + Level 3.1 Shapeshifting


You knew the following spells:

 Your Spells              Type           Power      Damage    Failure   Level
a - Slow                  Hex            0%         N/A       34%         1
Your spell library was empty.

Dungeon Overview and Level Annotations

Branches:
Dungeon (4/15)
 Temple: D:4-7

Altars:
Dithmenos

Annotations:
D:3 Sigmund


Innate Abilities, Weirdness & Mutations

You are a tree.
Your roots penetrate the ground, keeping you stationary.
You cannot be teleported.
You are immune to unholy pain and torment.
Your maximum health is greatly increased.
Your equipment is partially melded.
You are immune to sickness and miasma.
You are immune to poison.
((Your flesh is very heat resistant. (rF++)))
((You are vulnerable to cold. (rC-)))
You float through the air rather than walking.
You learn spells naturally, not from books.
Your magical power is your life essence.
You have superior vitality. (+4 MHP)


Message History

Aiming: Slow (safe; 34% risk of failure)
Press: ? - help, Shift-Dir - straight line, f/p - iguana
Aim: an iguana (lightly wounded, chance to affect: 41%)
The iguana resists with some effort.
The iguana bites you.
Unknown command.
Casting: Slow (safe; 34% risk of failure)
Confirm with . or Enter, or press ? or * to list all spells.
Aiming: Slow (safe; 34% risk of failure)
Press: ? - help, Shift-Dir - straight line, f/p - iguana
Aim: an iguana (lightly wounded, chance to affect: 41%)
You miscast Slow.
Nothing appears to happen.
The iguana closely misses you.
Casting: Slow (safe; 34% risk of failure)
Confirm with . or Enter, or press ? or * to list all spells.
Aiming: Slow (safe; 34% risk of failure)
Press: ? - help, Shift-Dir - straight line, f/p - iguana
Aim: an iguana (lightly wounded, chance to affect: 41%)
The iguana seems to slow down.
The iguana is no longer moving slowly.
Casting: Slow (safe; 34% risk of failure)
Confirm with . or Enter, or press ? or * to list all spells.
Aiming: Slow (safe; 34% risk of failure)
Press: ? - help, Shift-Dir - straight line, f/p - iguana
Aim: an iguana (lightly wounded, chance to affect: 41%)
The iguana resists with some effort.
The iguana hisses menacingly.
The iguana bites you!
* * * LOW HITPOINT WARNING * * *
You hit the iguana.
The iguana is lightly wounded.
The iguana bites you!
* * * LOW HITPOINT WARNING * * *
You barely miss the iguana.
The iguana is lightly wounded.
The iguana closely misses you.
Unknown command.
Okay, then.
Your transformation has ended.
You turn into a tree.
Your +0 animal skin melds into your body.
Your roots penetrate the ground.
The iguana bites you!
You die...

#.........#
######.#### ###
#.# ..# #.# # #.#
#.# #.. #.# #.#
#..[# #.# #.#
......##.######.#
#......l♣...#
####.######## #.#
..# ####


You could see an iguana.

Vanquished Creatures
  3 adders
  A dart slug (D:2)
  3 orcs (D:3)
  6 ball pythons
  4 bats
  4 endoplasms
  5 giant cockroaches
  5 goblins
  4 hobgoblins
  4 kobolds
  2 quokkas (D:3)
  2 frilled lizards (D:1)
  5 rats
48 creatures vanquished.

Notes
Turn   | Place    | Note
-------+----------+-------------------------------------------
     0 | D:1      | staltz the Djinni Shapeshifter began the quest for the Orb.
     0 | D:1      | Reached XP level 1. HP: 17/17 MP: 0/0
   163 | D:1      | Reached XP level 2. HP: 20/22 MP: 0/0
   585 | D:1      | Reached XP level 3. HP: 23/27 MP: 0/0
   585 | D:1      | Learned a level 1 spell: Slow
  1528 | D:2      | Identified the +3 buckler of the Valley of Death {Regen+
                  | Str-5 Int+3}
  1582 | D:2      | Reached XP level 4. HP: 31/32 MP: 0/0
  2119 | D:3      | Found a shadowy altar of Dithmenos.
  2628 | D:3      | Noticed Sigmund
  2772 | D:4      | Slain by an iguana

Illustrated notes

Levels and vault maps discovered:
D:1:      lemuel_arrival_muddy, layout_basic
D:2:      layout_loops_corners, minmay_misc_feat_diagonals
D:3:      layout_loops_cross, mainiacjoe_overflow_catwalk, uniq_sigmund
D:4:      layout_loops_corners, mainiacjoe_overflow_alcove_4,
          minmay_temple_entry_slanted, minmay_hollow_rounded_squares, uniq_ijyb

Skill      XL: |  1  2  3 |
---------------+----------+-----
Shapeshifting  | 3 |  3.1
Fighting       | |  1.5
Dodging        | |  2.8
Stealth        | |  0.4
Unarmed Combat | |  3.9

Action                     |  1- 3 |  4- 6 || total
---------------------------+-------+-------++-------
  Melee: Unarmed           |    84 |    79 ||   163
         Punch             |     1 |     1 ||     2
  Throw: Dart              |     3 |       ||     3
   Cast: Slow              |       |     3 ||     3
    Use: Scroll            |       |     4 ||     4
         Potion            |       |     1 ||     1
   Stab: Sleeping          |     1 |     1 ||     2
 Armour: Animal skin       |    42 |    30 ||    72
         Skin              |       |     1 ||     1
  Dodge: Dodged            |    45 |    46 ||    91

Table legend: (Time is in decaauts)
 A = Elapsed time spent in this place.
 B = Non-inter-level travel time spent in this place.
 C = Inter-level travel time spent in this place.
 D = Time resting spent in this place.
 E = Time spent auto-exploring this place.
 F = Levels seen in this place.
 G = Mean time per level.
                   A        B        C        D        E       F      G
               +--------+--------+--------+--------+--------+-----+--------+
         Total |   2760 |   2593 |    167 |    137 |   1878 |   4 |  690.0 |
       Dungeon |   2760 |   2593 |    167 |    137 |   1878 |   4 |  690.0 |
               +--------+--------+--------+--------+--------+-----+--------+

Top non-repeatable levels by time:
     D:2: 1161 daAuts
     D:1: 935 daAuts
     D:3: 556 daAuts
     D:4: 106 daAuts
